TOP OF THE 1ST |
Harrisburg Senators batting - Pitching for Tennessee Smokies : RHP Mark Duffy
|
Pitching: RHP Mark Duffy
|
|
Batting: LHB Kyung-jin Cho
|
0-0: Fly out, F7 (Flyball, 78S, EV 73.1 MPH)
|
Batting: LHB Evan Oliveri
|
0-0: Ground out 5-3 (Groundball, 56, EV 100.0 MPH)
|
Batting: RHB Kevin Whitenack
|
0-0: Called Strike 0-1: Swinging Strike 0-2: Strikes out looking
|
Top of the 1st over - 0 runs, 0 hits, 0 errors, 0 left on base; Harrisburg 0 - Tennessee 0 |
BOTTOM OF THE 1ST |
Tennessee Smokies batting - Pitching for Harrisburg Senators : LHP Sean Carr
|
Pitching: LHP Sean Carr
|
|
Batting: RHB Heef Harted
|
0-0: Ball 1-0: Foul Ball, location: 2F 1-1: Called Strike 1-2: Strikes out swinging
|
Batting: RHB Ryan Walker
|
0-0: Called Strike 0-1: Ground out 4-3 (Groundball, 4S, EV 90.6 MPH)
|
Batting: RHB Heitaro Tanaka
|
0-0: Foul Ball, location: 2F 0-1: Swinging Strike 0-2: Strikes out swinging
|
Bottom of the 1st over - 0 runs, 0 hits, 0 errors, 0 left on base; Harrisburg 0 - Tennessee 0 |
TOP OF THE 2ND |
Harrisburg Senators batting - Pitching for Tennessee Smokies : RHP Mark Duffy
|
Batting: RHB Donovan Auclair
|
0-0: Ball 1-0: Swinging Strike 1-1: Foul Ball, location: 2F 1-2: Strikes out swinging
|
Batting: RHB Slavik Nebrodov
|
0-0: Called Strike 0-1: Ball 1-1: Ball 2-1: Fly out, F8 (Flyball, 8LD, EV 99.4 MPH)
|
Batting: SHB Alex Ethridge
|
0-0: Swinging Strike 0-1: Foul Ball, location: 2F 0-2: Ground out 4-3 (Groundball, 4, EV 83.1 MPH)
|
Top of the 2nd over - 0 runs, 0 hits, 0 errors, 0 left on base; Harrisburg 0 - Tennessee 0 |
BOTTOM OF THE 2ND |
Tennessee Smokies batting - Pitching for Harrisburg Senators : LHP Sean Carr
|
Batting: RHB Leonardo Nava
|
0-0: Called Strike 0-1: Foul Ball, location: 2F 0-2: Strikes out looking
|
Batting: RHB Sam Sours
|
0-0: Called Strike 0-1: Ball 1-1: Ball 2-1: Swinging Strike 2-2: Strikes out swinging
|
Batting: RHB Dylan Burke
|
0-0: Ball 1-0: Ground out 6-3 (Groundball, 6, EV 106.2 MPH)
|
Bottom of the 2nd over - 0 runs, 0 hits, 0 errors, 0 left on base; Harrisburg 0 - Tennessee 0 |
TOP OF THE 3RD |
Harrisburg Senators batting - Pitching for Tennessee Smokies : RHP Mark Duffy
|
Batting: RHB Pat Drader
|
0-0: Ball 1-0: Ball 2-0: Called Strike 2-1: Swinging Strike 2-2: Strikes out looking
|
Batting: LHB Shinji Adachi
|
0-0: Called Strike 0-1: Swinging Strike 0-2: Ball 1-2: Ball 2-2: Strikes out swinging
|
Batting: RHB Josh Lykins
|
0-0: Ball 1-0: Swinging Strike 1-1: Foul Ball, location: 2F 1-2: Ball 2-2: Fly out, F6 (Popup, 6M, EV 72.5 MPH)
|
Top of the 3rd over - 0 runs, 0 hits, 0 errors, 0 left on base; Harrisburg 0 - Tennessee 0 |
BOTTOM OF THE 3RD |
Tennessee Smokies batting - Pitching for Harrisburg Senators : LHP Sean Carr
|
Batting: LHB Mark Ingram
|
0-0: Ball 1-0: Ball 2-0: Called Strike 2-1: Foul Ball, location: 2F 2-2: Strikes out swinging
|
Batting: RHB Armando Vilano
|
0-0: SINGLE (Groundball, 6MD, EV 99.4 MPH)
|
Batting: RHB Khalil Stephens
|
0-0: Ball 1-0: Ball 2-0: Fielders Choice at 2nd, 5-4 (Groundball, 56S, EV 90.6 MPH)
|
Batting: RHB Heef Harted
|
0-0: Ball 1-0: Ball 2-0: Foul Ball, location: 2F 2-1: Foul Ball, location: 2F 2-2: Foul Ball, location: 2F 2-2: Ball 3-2: Strikes out looking
|
Bottom of the 3rd over - 0 runs, 1 hit, 0 errors, 1 left on base; Harrisburg 0 - Tennessee 0 |
TOP OF THE 4TH |
Harrisburg Senators batting - Pitching for Tennessee Smokies : RHP Mark Duffy
|
Batting: LHB Kyung-jin Cho
|
0-0: Ball 1-0: Swinging Strike 1-1: Fly out, F6 (Popup, 6M, EV 63.1 MPH)
|
Batting: LHB Evan Oliveri
|
0-0: Foul Ball, location: 2F 0-1: Ball 1-1: Ball 2-1: Swinging Strike 2-2: Ball 3-2: Fly out, F8 (Flyball, 8RD, EV 94.4 MPH)
|
Batting: RHB Kevin Whitenack
|
0-0: Foul Ball, location: 2F 0-1: Foul Ball, location: 2F 0-2: SINGLE (Groundball, 4D, EV 102.5 MPH)
|
Batting: RHB Donovan Auclair
|
0-0: Foul Ball, location: 2F 0-1: Ball 1-1: Ball 2-1: Foul Ball, location: 2F 2-2: Ball 3-2: Ground out 5-3 (Groundball, 56S, EV 88.1 MPH)
|
Top of the 4th over - 0 runs, 1 hit, 0 errors, 1 left on base; Harrisburg 0 - Tennessee 0 |
BOTTOM OF THE 4TH |
Tennessee Smokies batting - Pitching for Harrisburg Senators : LHP Sean Carr
|
Batting: RHB Ryan Walker
|
0-0: Called Strike 0-1: Called Strike 0-2: Ball 1-2: Fly out, F9 (Flyball, 89M, EV 82.5 MPH)
|
Batting: RHB Heitaro Tanaka
|
0-0: Foul Ball, location: 2F 0-1: DOUBLE (Flyball, 89D, EV 97.5 MPH)
|
Batting: RHB Leonardo Nava
|
0-0: Called Strike 0-1: Foul Ball, location: 2F 0-2: Foul Ball, location: 2F 0-2: Ball 1-2: Ball 2-2: Foul Ball, location: 2F 2-2: Ball 3-2: Strikes out swinging
|
Batting: RHB Sam Sours
|
0-0: Ball 1-0: Called Strike 1-1: Ball 2-1: Foul Ball, location: 2F 2-2: Ball 3-2: Fly out, F7 (Flyball, 78S, EV 97.5 MPH)
|
Bottom of the 4th over - 0 runs, 1 hit, 0 errors, 1 left on base; Harrisburg 0 - Tennessee 0 |
TOP OF THE 5TH |
Harrisburg Senators batting - Pitching for Tennessee Smokies : RHP Mark Duffy
|
Batting: RHB Slavik Nebrodov
|
0-0: Called Strike 0-1: Ball 1-1: DOUBLE (Flyball, 8RXD, EV 100.6 MPH)
|
Batting: SHB Alex Ethridge
|
0-0: Foul Ball, location: 2F 0-1: Ball 1-1: Called Strike 1-2: Strikes out swinging
|
Batting: RHB Pat Drader
|
0-0: Ball 1-0: Foul Ball, location: 2F 1-1: Ball 2-1: Ground out 3-1 (Groundball, 34S, EV 88.8 MPH) Slavik Nebrodov to third
|
Batting: LHB Shinji Adachi
|
0-0: Ball 1-0: Ball 2-0: Ball 3-0: Base on Balls
|
Batting: RHB Josh Lykins
|
0-0: Called Strike 0-1: Ball 1-1: Hit by Pitch Shinji Adachi to second
|
Batting: LHB Kyung-jin Cho
|
0-0: DOUBLE (Flyball, 78D, EV 95.6 MPH) Slavik Nebrodov scores Shinji Adachi scores Josh Lykins to third
|
Batting: LHB Evan Oliveri
|
0-0: Called Strike 0-1: Ball 1-1: SINGLE (Groundball, 4MD, EV 107.5 MPH) Josh Lykins scores Kyung-jin Cho to third
|
Batting: RHB Kevin Whitenack
|
0-0: Ball 1-0: Foul Ball, location: 2F 1-1: Called Strike 1-2: Strikes out swinging
|
Top of the 5th over - 3 runs, 3 hits, 0 errors, 2 left on base; Harrisburg 3 - Tennessee 0 |
BOTTOM OF THE 5TH |
Tennessee Smokies batting - Pitching for Harrisburg Senators : LHP Sean Carr
|
Batting: RHB Dylan Burke
|
0-0: Ball 1-0: Reached on error, E6 (Groundball, 6M, EV 81.9 MPH)
|
Batting: LHB Mark Ingram
|
0-0: Ball 1-0: Grounds out, U3 (Groundball, 3L, EV 90.6 MPH)
|
Batting: RHB Armando Vilano
|
0-0: Ball 1-0: Foul Ball, location: 2F 1-1: Swinging Strike 1-2: Strikes out swinging
|
Batting: RHB Khalil Stephens
|
0-0: Swinging Strike 0-1: Fly out, F7 (Flyball, 78M, EV 85.0 MPH)
|
Bottom of the 5th over - 0 runs, 0 hits, 1 error, 1 left on base; Harrisburg 3 - Tennessee 0 |
TOP OF THE 6TH |
Harrisburg Senators batting - Pitching for Tennessee Smokies : RHP Mark Duffy
|
Batting: RHB Donovan Auclair
|
0-0: Ball 1-0: SINGLE (Groundball, 34D, EV 101.2 MPH)
|
Batting: RHB Slavik Nebrodov
|
0-0: Called Strike 0-1: Fly out, F8 (Flyball, 89S, EV 91.9 MPH)
|
Batting: SHB Alex Ethridge
|
0-0: Called Strike 0-1: Foul Ball, location: 2F 0-2: DOUBLE (Flyball, 89XD, EV 101.9 MPH) Donovan Auclair to third
|
Batting: RHB Pat Drader
|
0-0: Ball 1-0: Ball 2-0: Foul Ball, location: 2F 2-1: Swinging Strike 2-2: Ball 3-2: Foul Ball, location: 2F 3-2: Foul Ball, location: 2F 3-2: Strikes out swinging
|
Batting: LHB Shinji Adachi
|
0-0: Ball 1-0: SINGLE (Groundball, 4, EV 103.8 MPH) Donovan Auclair scores Alex Ethridge to third
|
Batting: RHB Josh Lykins
|
0-0: Called Strike 0-1: Swinging Strike 0-2: Strikes out looking
|
Top of the 6th over - 1 run, 3 hits, 0 errors, 2 left on base; Harrisburg 4 - Tennessee 0 |
BOTTOM OF THE 6TH |
Tennessee Smokies batting - Pitching for Harrisburg Senators : LHP Sean Carr
|
Batting: RHB Heef Harted
|
0-0: Called Strike 0-1: Ball 1-1: Ball 2-1: Swinging Strike 2-2: Foul Ball, location: 2F 2-2: Strikes out swinging
|
Batting: RHB Ryan Walker
|
0-0: Called Strike 0-1: Foul Ball, location: 2F 0-2: Ball 1-2: Foul Ball, location: 2F 1-2: Foul Ball, location: 2F 1-2: Ball 2-2: Ball 3-2: Foul Ball, location: 2F 3-2: Foul Ball, location: 2F 3-2: Fly out, F8 (Flyball, 8RD, EV 102.5 MPH)
|
Batting: RHB Heitaro Tanaka
|
0-0: Foul Ball, location: 2F 0-1: Ball 1-1: Ball 2-1: Foul Ball, location: 2F 2-2: Ball 3-2: Foul Ball, location: 2F 3-2: Base on Balls
|
Batting: RHB Leonardo Nava
|
0-0: Foul Ball, location: 2F 0-1: Swinging Strike 0-2: Ball 1-2: Ball 2-2: Ball 3-2: Strikes out looking
|
Bottom of the 6th over - 0 runs, 0 hits, 0 errors, 1 left on base; Harrisburg 4 - Tennessee 0 |
TOP OF THE 7TH |
Harrisburg Senators batting - Pitching for Tennessee Smokies : RHP Mark Duffy
|
Pitching: RHP Ryohei Uda
|
|
Batting: LHB Kyung-jin Cho
|
0-0: Called Strike 0-1: Called Strike 0-2: Ball 1-2: Ball 2-2: Foul Ball, location: 2F 2-2: Ground out 4-3 (Groundball, 4D, EV 101.2 MPH)
|
Batting: LHB Evan Oliveri
|
0-0: Ball 1-0: Ball 2-0: Foul Ball, location: 2F 2-1: Foul Ball, location: 2F 2-2: Foul Ball, location: 2F 2-2: Foul Ball, location: 2F 2-2: Ball 3-2: Base on Balls
|
Batting: RHB Kevin Whitenack
|
0-0: Called Strike Evan Oliveri is caught stealing 2nd base 2-4 0-1: Foul Ball, location: 2F 0-2: Ball 1-2: Foul Ball, location: 2F 1-2: Strikes out looking
|
Top of the 7th over - 0 runs, 0 hits, 0 errors, 0 left on base; Harrisburg 4 - Tennessee 0 |
BOTTOM OF THE 7TH |
Tennessee Smokies batting - Pitching for Harrisburg Senators : LHP Sean Carr
|
Pitching: RHP Chris Close
|
|
Batting: RHB Sam Sours
|
0-0: Called Strike 0-1: Ball 1-1: Ground out 5-3 (Groundball, 56S, EV 93.1 MPH)
|
Batting: RHB Dylan Burke
|
0-0: Called Strike 0-1: Ball 1-1: Swinging Strike 1-2: Ball 2-2: Strikes out swinging
|
Batting: LHB Mark Ingram
|
0-0: Foul Ball, location: 2F 0-1: Ball 1-1: Called Strike 1-2: Foul Ball, location: 2F 1-2: Foul Ball, location: 2F 1-2: SINGLE (Groundball, 6, EV 99.4 MPH)
|
Batting: RHB Armando Vilano
|
0-0: Called Strike 0-1: SINGLE (Flyball, 9S, EV 86.2 MPH) Mark Ingram to second Runner from 2nd tries for 3rd, OUT! 9-5
|
Bottom of the 7th over - 0 runs, 2 hits, 0 errors, 1 left on base; Harrisburg 4 - Tennessee 0 |
TOP OF THE 8TH |
Harrisburg Senators batting - Pitching for Tennessee Smokies : RHP Ryohei Uda
|
Batting: RHB Donovan Auclair
|
0-0: Ball 1-0: Swinging Strike 1-1: Fly out, F8 (Flyball, 8LM, EV 86.2 MPH)
|
Batting: RHB Slavik Nebrodov
|
0-0: Called Strike 0-1: Swinging Strike 0-2: Ball 1-2: Strikes out looking
|
Batting: SHB Alex Ethridge
|
0-0: Called Strike 0-1: Foul Ball, location: 2F 0-2: Ball 1-2: Ball 2-2: Strikes out swinging
|
Top of the 8th over - 0 runs, 0 hits, 0 errors, 0 left on base; Harrisburg 4 - Tennessee 0 |
BOTTOM OF THE 8TH |
Tennessee Smokies batting - Pitching for Harrisburg Senators : RHP Chris Close
|
Pitching: RHP Alpha Miller
|
|
Batting: RHB Khalil Stephens
|
0-0: Ball 1-0: Called Strike 1-1: Swinging Strike 1-2: Foul Ball, location: 2F 1-2: Foul Ball, location: 2F 1-2: Foul Ball, location: 2F 1-2: Foul Ball, location: 2F 1-2: Strikes out looking
|
Batting: RHB Heef Harted
|
0-0: Ball 1-0: Swinging Strike 1-1: Swinging Strike 1-2: Foul Ball, location: 2F 1-2: Foul Ball, location: 2F 1-2: Strikes out swinging
|
Batting: RHB Ryan Walker
|
0-0: Called Strike 0-1: Ball 1-1: Called Strike 1-2: Ball 2-2: Ball 3-2: Strikes out swinging
|
Bottom of the 8th over - 0 runs, 0 hits, 0 errors, 0 left on base; Harrisburg 4 - Tennessee 0 |
TOP OF THE 9TH |
Harrisburg Senators batting - Pitching for Tennessee Smokies : RHP Ryohei Uda
|
Pitching: RHP Josh Deyo
|
|
Batting: RHB Pat Drader
|
0-0: Called Strike 0-1: Ball 1-1: Called Strike 1-2: Ball 2-2: Strikes out swinging
|
Batting: LHB Shinji Adachi
|
0-0: Ball 1-0: Foul Ball, location: 2F 1-1: Swinging Strike 1-2: Strikes out swinging
|
Batting: RHB Josh Lykins
|
0-0: Ball 1-0: Fly out, F7 (Line Drive, 7D, EV 89.4 MPH)
|
Top of the 9th over - 0 runs, 0 hits, 0 errors, 0 left on base; Harrisburg 4 - Tennessee 0 |
BOTTOM OF THE 9TH |
Tennessee Smokies batting - Pitching for Harrisburg Senators : RHP Alpha Miller
|
Pitching: RHP Ramon Rodriguez
|
|
Batting: RHB Heitaro Tanaka
|
0-0: Foul Ball, location: 2F 0-1: Swinging Strike 0-2: Foul Ball, location: 2F 0-2: Ball 1-2: SINGLE (Line Drive, 78S, EV 91.2 MPH)
|
Batting: RHB Leonardo Nava
|
0-0: Called Strike 0-1: Swinging Strike 0-2: Foul Ball, location: 2F 0-2: Ball 1-2: Ball 2-2: Strikes out swinging
|
Batting: RHB Sam Sours
|
0-0: Swinging Strike 0-1: Fielders Choice at 2nd, 4-6 (Groundball, 4M, EV 80.0 MPH)
|
Batting: RHB Dylan Burke
|
0-0: Foul Ball, location: 2F 0-1: Called Strike 0-2: Foul Ball, location: 2F 0-2: Foul Ball, location: 2F 0-2: Strikes out looking
|
Bottom of the 9th over - 0 runs, 1 hit, 0 errors, 1 left on base; Harrisburg 4 - Tennessee 0 |
|